 Dungeon Crawl Stone Soup version 0.28.0 (webtiles) character file.

Game seed: 2920368256720506302

3588 freelancePsychic the Frost Mage (level 10, -8/73 HPs)
             Began as a Merfolk Ice Elementalist on Feb 12, 2022.
             Was an Initiate of Gozag.
             Killed from afar by Erica (28 damage)
             ... with a lance of force
             ... on level 8 of the Dungeon.
             The game lasted 00:17:16 (8980 turns).

freelancePsychic the Frost Mage (MfIE)              Turns: 8980, Time: 00:17:17

Health: -8/73      AC:  4    Str:  8    XL:     10   Next: 10%
Magic:  16/21      EV: 15    Int: 26    God:    Gozag
Gold:   579        SH:  0    Dex: 14    Spells: 12/23 levels left

rFire   . . .      SeeInvis .   g - +0 spear
rCold   . . .      Faith    .   (no shield)
rNeg    . . .      Spirit   .   a - +0 robe
rPois   .          Reflect  .   (no helmet)
rElec   .          Harm     .   h - +0 cloak
rCorr   .          Rampage  .   m - +0 pair of gloves
Will    .....                   (no boots)
Stlth   +.........              (no amulet)
HPRegen 0.22/turn               k - +6 ring of intelligence
MPRegen 0.17/turn               (no ring)

@: confused, gold aura
A: (nimble swimmer 2), mertail
a: Renounce Religion, Potion Petition, Call Merchant, Bribe Branch


You were on level 8 of the Dungeon.
You worshipped Gozag.
Gozag was pleased with you.
You visited 1 branch of the dungeon, and saw 8 of its levels.

You collected 1016 gold pieces.
You paid 437 gold pieces to Gozag.

Inventory:

Hand Weapons
 c - a +0 dagger
 g - a +0 spear (weapon)
Missiles
 z - a throwing net
Armour
 a - a +0 robe (worn)
 h - a +0 cloak (worn)
 m - a +0 pair of gloves (worn)
 v - a +0 kite shield
Jewellery
 k - a +6 ring of intelligence (left hand)
Wands
 A - a wand of acid (2)
Scrolls
 b - 2 scrolls of fear
 e - a scroll of vulnerability
 q - a scroll of teleportation {@r4}
 u - a scroll of immolation
 w - 2 scrolls of amnesia
 x - 2 scrolls of identify {@r1}
 y - 2 scrolls of blinking
Potions
 d - a potion of invisibility {unknown}
 i - a potion of cancellation {unknown}
 j - a potion of flight
 l - a potion of might {unknown}
 n - a potion of mutation {unknown}
 o - a potion of attraction {unknown}
 p - 2 potions of heal wounds {unknown}
 r - 2 potions of brilliance {unknown}
 s - a potion of berserk rage {unknown}
 t - a potion of lignification {unknown}


   Skills:
 + Level 4.9 Fighting
 - Level 3.6 Polearms
 + Level 6.6 Dodging
 - Level 2.1 Stealth
 + Level 7.3 Spellcasting
 - Level 4.9 Necromancy
 - Level 9.0 Ice Magic


You had 12 spell levels left.
You knew the following spells:

 Your Spells              Type           Power      Damage    Failure   Level
a - Freeze                Ice            100%       1d11      1%          1
b - Frozen Ramparts       Ice            100%       1d12      1%          3
c - Ozocubu's Armour      Ice            54%        N/A       1%          3
d - Dispel Undead         Necr           35%        3d15      8%          4

Your spell library contained the following spells:

 Spells                   Type           Power      Damage    Failure   Level
 Ensorcelled Hibernation  Hex/Ice        66%        N/A       1%          2
 Corpse Rot               Necr/Air       44%        N/A       3%          2
 Apportation              Tloc           18%        N/A       6%          1
 Shock                    Conj/Air       36%        1d5       6%          1
 Passwall                 Tmut/Erth      7%         N/A       9%          2
 Hailstorm                Conj/Ice       33%        3d8       10%         4
 Swiftness                Air            9%         N/A       19%         3
 Airstrike                Air            4%         N/A       52%         4
 Death Channel            Necr           17%        N/A       77%         6


Dungeon Overview and Level Annotations

Branches:
Dungeon (8/15)             Temple (0/1) D:7            Lair (0/6) D:8

Altars:
Elyvilon
Gozag
Kikubaaqudgha

Shops:
D:1 !   D:2 =   D:7 [[

Annotations:
D:5 Grinder
D:8 Erica


Innate Abilities, Weirdness & Mutations

((You are very nimble when in or above water. (Stealth+, EV+, Speed+++)))
Your lower body shifts to a powerful aquatic tail in water.


Message History

Erica gestures at you while chanting. The lance of force hits you!!
Your icy armour cracks and falls away as you move.
The frozen ramparts melt away as you move.
You are knocked back by the lance of force.
Aiming: Corrosive Bolt
Press: ? - help, Shift-Dir - straight line, f - Erica
Aim: Erica, wielding a +2 scimitar of flaming and wearing a +0 robe (severely wounded, 68% to hit)
The bolt of acid hits Erica!
Erica is almost dead.
Aiming: Corrosive Bolt
Press: ? - help, Shift-Dir - straight line, f/p - Erica
Aim: Erica, wielding a +2 scimitar of flaming and wearing a +0 robe (almost dead, 68% to hit)
The bolt of acid misses Erica.
Erica gestures at you while chanting. You resist with significant effort.
Aiming: Corrosive Bolt
Press: ? - help, Shift-Dir - straight line, f/p - Erica
Aim: Erica, wielding a +2 scimitar of flaming and wearing a +0 robe (almost dead, 68% to hit)
The bolt of acid misses Erica.
Erica casts a spell at you.
You are confused.
You feel better.
Erica points at you and mumbles some strange words.
You are confused.
You are too confused!
Okay, then.
You are too confused!
Unknown command.
You bump into the rock wall.
Erica laughs wildly.
You bump into the rock wall.
Erica hits you with a +2 scimitar of flaming!
Erica burns you.
* * * LOW HITPOINT WARNING * * *
You bump into the rock wall.
Erica gestures at you while chanting. The lance of force hits you!!
You die...
Your body crumbles into a pile of gold.

### ## #.. .##
#.# ....
#.####..## .
#.##.....#..
#)##.#.....
#####@@.....#
#..).(.....###..
#.#####.........
# #.#$####..
#.#$# #.#)#
#.#.# #.#.# $
......)... #.#..


You could see Erica.

Vanquished Creatures
  A hornet (D:7)
  Sigmund (D:2)
  A wyvern (D:8)
  2 steam dragons
  2 sky beasts (D:7)
  4 orc warriors
  4 necrophages
  An ogre (D:7)
  3 centaurs
  3 bullfrogs (D:7)
  A gnoll sergeant (D:7)
  A scorpion (D:5)
  A water moccasin skeleton (D:5)
  6 killer bees (D:7)
  A howler monkey (D:7)
  3 centaur zombies
  2 jellies (D:6)
  2 orc priests
  Crazy Yiuf (D:2)
  A centaur skeleton (D:4)
  5 iguanas
  Terence (D:2)
  7 orc wizards
  A scorpion zombie (D:5)
  A killer bee zombie (D:6)
  A hound skeleton (D:5)
  10 gnolls
  9 adders
  4 shadow imps
  An adder skeleton (D:4)
  A dart slug (D:3)
  13 orcs
  5 bats
  8 endoplasms
  2 giant cockroaches
  4 goblins
  8 hobgoblins
  5 jackals
  5 kobolds
  4 ball pythons
  4 frilled lizards
  2 rats (D:1)
142 creatures vanquished.

Notes
Turn   | Place    | Note
-------+----------+-------------------------------------------
     0 | D:1      | freelancePsychic the Merfolk Ice Elementalist began the
                  | quest for the Orb.
     0 | D:1      | Reached XP level 1. HP: 13/13 MP: 3/3
   219 | D:1      | Found Usma Qezidgha's Distillery.
   224 | D:1      | Reached XP level 2. HP: 2/19 MP: 0/5
   605 | D:1      | Found a faded altar of an unknown god.
   614 | D:1      | Got Plato's Grimoire of the Traveller
  1250 | D:2      | Reached XP level 3. HP: 24/24 MP: 4/6
  1326 | D:2      | Found Fathrisa's Jewellery Boutique.
  1342 | D:2      | Reached skill level 5 in Ice Magic
  1671 | D:2      | Learned a level 3 spell: Frozen Ramparts
  1675 | D:2      | Learned a level 3 spell: Ozocubu's Armour
  1808 | D:2      | Found a runed translucent door.
  1809 | D:2      | Noticed Crazy Yiuf
  1817 | D:2      | Killed Crazy Yiuf
  1818 | D:2      | Reached skill level 1 in Polearms
  1818 | D:2      | Reached XP level 4. HP: 31/31 MP: 1/8
  2051 | D:2      | Noticed Sigmund
  2080 | D:2      | Killed Sigmund
  2081 | D:2      | Reached XP level 5. HP: 27/38 MP: 2/9
  2081 | D:2      | Reached XP level 6. HP: 31/44 MP: 2/10
  2144 | D:2      | Noticed Terence
  2170 | D:2      | Killed Terence
  2773 | D:3      | Found an ancient bone altar of Kikubaaqudgha.
  2775 | D:3      | Found an opulent altar of Gozag.
  2785 | D:3      | Became a worshipper of Gozag Ym Sagoz the Greedy
  3358 | D:3      | Reached skill level 6 in Ice Magic
  3544 | D:4      | Noticed a necrophage
  3615 | D:4      | Killed a necrophage
  3682 | D:4      | Reached skill level 1 in Necromancy
  3682 | D:4      | Reached XP level 7. HP: 49/51 MP: 8/12
  4002 | D:4      | Learned a level 4 spell: Dispel Undead
  4548 | D:5      | Entered Level 5 of the Dungeon
  4578 | D:5      | Noticed Grinder
  4906 | D:5      | Reached skill level 7 in Ice Magic
  5161 | D:5      | Reached XP level 8. HP: 40/57 MP: 7/14
  5488 | D:6      | Identified the +9 spear "Ficefopt" {venom, rN+}
  5747 | D:6      | Reached skill level 5 in Spellcasting
  6278 | D:6      | Reached skill level 8 in Ice Magic
  6982 | D:7      | Noticed a hornet
  6998 | D:7      | Reached XP level 9. HP: 62/62 MP: 10/17
  6998 | D:7      | Killed a hornet
  7183 | D:7      | Reached skill level 9 in Ice Magic
  7644 | D:7      | Found a staircase to the Ecumenical Temple.
  7770 | D:7      | Reached skill level 5 in Dodging
  8097 | D:7      | Found a white marble altar of Elyvilon.
  8365 | D:7      | Found Muysot's Antique Armour Shoppe.
  8744 | D:8      | Reached XP level 10. HP: 73/73 MP: 13/20
  8845 | D:8      | Found a staircase to the Lair.
  8963 | D:8      | Noticed Erica
  8980 | D:8      | Killed from afar by Erica

Illustrated notes

Levels and vault maps discovered:
D:1:      lordsloth_arrival_two_stooges, layout_rooms,
          shapermc_ecumenical_altar_rom_forum, serial_shops,
          nicolae_shop_statue_plus
D:2:      layout_loops_ring, serial_shops, shop, minivault_19, uniq_terence,
          uniq_crazy_yiuf_cottage, uniq_sigmund
D:3:      layout_basic, chequers_temple_overflow_statue_of_worship
D:4:      layout_rooms, minmay_pentomino_pile
D:5:      layout_cave_pools, uniq_grinder
D:6:      layout_loops_ring
D:7:      hellmonk_warped_wall, layout_loops_ring, elyvilon_altar_1,
          minmay_temple_entry_antechambers, serial_shops,
          nicolae_shop_overgrown_old_shop, st_stairs_6,
          minmay_fractal_squares_gapless_5
D:8:      layout_loops_cross, lair_entry_dummy, ldierk_geyser,
          kennysheep_generic_room_5, uniq_erica

Skill      XL: |  1  2  3  4  5  6  7  8  9 |
---------------+----------------------------+-----
Ice Magic      | 5 6 7 8 9 |  9.0
Spellcasting   | 3 4 5 7 |  7.3
Polearms       | 1 3 |  3.6
Dodging        | 4 6 |  6.6
Fighting       | 2 4 |  4.9
Necromancy     | 1 2 4 |  4.9
Stealth        | |  2.1

Action                   |  1- 3 |  4- 6 |  7- 9 | 10-12 || total
-------------------------+-------+-------+-------+-------++-------
Melee: Unarmed           |    21 |       |       |       ||    21
       Dagger            |    42 |       |       |       ||    42
       Spear             |     3 |   118 |   283 |    18 ||   422
       Punch             |       |     1 |     4 |       ||     5
 Cast: Freeze            |    32 |       |       |       ||    32
       Frozen Ramparts   |     1 |     9 |    46 |     4 ||    60
       Ozocubu's Armour  |     1 |     8 |    31 |     1 ||    41
Invok: Call Merchant     |       |       |     1 |       ||     1
Evoke: Wand              |       |       |       |     3 ||     3
  Use: Scroll            |       |     4 |    10 |       ||    14
       Potion            |       |     1 |     1 |     1 ||     3
 Stab: Sleeping          |     5 |     4 |     1 |       ||    10
       Distracted        |       |       |     1 |       ||     1
Armor: Robe              |    30 |    28 |   143 |    14 ||   215
Dodge: Dodged            |    78 |    65 |   200 |    15 ||   358
